TOP OF THE 1ST |
Portland Cards batting - Pitching for Seattle Pikes : RHP António Rijo
|
Pitching: RHP António Rijo
|
|
Batting: LHB Keith Beard
|
0-0: Swinging Strike 0-1: SINGLE (Groundball, 3D)
|
Batting: RHB Dani Vázquez
|
0-0: Ball 1-0: Ball 2-0: Fielders Choice at 2nd, 5-4 (Groundball, 5D)
|
Batting: LHB Jeff Daniels
|
0-0: Ball 1-0: Foul Ball, location: 2F 1-1: Ball 2-1: Fly out, F7 (Popup, 7LS)
|
Batting: LHB Paul Mullins
|
0-0: Called Strike 0-1: Ball 1-1: Swinging Strike 1-2: Fly out, F4 (Line Drive, 34)
|
Top of the 1st over - 0 run(s), 1 hit(s), 0 error(s), 1 left on base; Portland 0 - Seattle 0 |
BOTTOM OF THE 1ST |
Seattle Pikes batting - Pitching for Portland Cards : LHP Mike Graves
|
Pitching: LHP Mike Graves
|
|
Batting: RHB Randy Sheppard
|
0-0: Foul Ball, location: 2F 0-1: Ball 1-1: Bunt for hit - play at first, batter OUT! 1-3
|
Batting: RHB Manuel Rico
|
0-0: Called Strike 0-1: DOUBLE (Line Drive, 78XD)
|
Batting: LHB Richard Hunter
|
0-0: Ball Manuel Rico steals 3rd base 1-0: Ball 2-0: SINGLE (Line Drive, 34) Manuel Rico scores
|
Batting: RHB António Ortega
|
0-0: Ball 1-0: Ground out 5-3 (Groundball, 56S) Richard Hunter to second
|
Batting: RHB Alfredo Rivera
|
0-0: Ground out 5-3 (Groundball, 5)
|
Bottom of the 1st over - 1 run(s), 2 hit(s), 0 error(s), 1 left on base; Portland 0 - Seattle 1 |
TOP OF THE 2ND |
Portland Cards batting - Pitching for Seattle Pikes : RHP António Rijo
|
Batting: RHB Paco Arellano
|
0-0: Foul Ball, location: 2F 0-1: Ball 1-1: Ground out 3-1 (Groundball, 3)
|
Batting: LHB Donovan Bird
|
0-0: Ball 1-0: Fly out, F8 (Flyball, 8LM)
|
Batting: RHB Germán Rosales
|
0-0: Ball 1-0: Called Strike 1-1: Ball 2-1: Foul Ball, location: 2F 2-2: Ground out 6-3 (Groundball, 6)
|
Top of the 2nd over - 0 run(s), 0 hit(s), 0 error(s), 0 left on base; Portland 0 - Seattle 1 |
BOTTOM OF THE 2ND |
Seattle Pikes batting - Pitching for Portland Cards : LHP Mike Graves
|
Batting: RHB Iván Gonzáles
|
0-0: Ball 1-0: Foul Ball, location: 2F 1-1: Fly out, F7 (Flyball, 7D)
|
Batting: RHB Wallace Greene
|
0-0: SINGLE (Groundball, 4MD)
|
Batting: SHB António Hernández
|
0-0: Foul Ball, location: 2F 0-1: Ball 1-1: Ball 2-1: Fielders Choice at 2nd, 6-4 (Groundball, 6)
|
Batting: RHB Kazushige Aoki
|
Pickoff Throw to First - Error! E1 António Hernández to second 0-0: Ball 1-0: Ball 2-0: Foul Ball, location: 2F 2-1: Ball 3-1: Base on Balls
|
Batting: RHB Randy Sheppard
|
0-0: Called Strike 0-1: Reached on error, E5 (Groundball, 5L) António Hernández to third Kazushige Aoki to second
|
Batting: RHB Manuel Rico
|
0-0: Ball 1-0: Swinging Strike 1-1: Swinging Strike 1-2: Fly out, F9 (Flyball, 9D)
|
Bottom of the 2nd over - 0 run(s), 1 hit(s), 2 error(s), 3 left on base; Portland 0 - Seattle 1 |
TOP OF THE 3RD |
Portland Cards batting - Pitching for Seattle Pikes : RHP António Rijo
|
Batting: RHB Lonson Seals
|
0-0: Ball 1-0: Ball 2-0: Foul Ball, location: 2F 2-1: Ball 3-1: Base on Balls
|
Batting: RHB Bartolo Quiñones
|
0-0: Fielders Choice at 2nd, 6-4 (Groundball, 56)
|
Batting: LHB Keith Beard
|
0-0: Called Strike 0-1: Ball 1-1: Foul Ball, location: 2F 1-2: Ball 2-2: Ball 3-2: Fly out, F8 (Line Drive, 8RM)
|
Batting: RHB Dani Vázquez
|
0-0: Ball Bartolo Quiñones is caught stealing 2nd base
|
Top of the 3rd over - 0 run(s), 0 hit(s), 0 error(s), 0 left on base; Portland 0 - Seattle 1 |
BOTTOM OF THE 3RD |
Seattle Pikes batting - Pitching for Portland Cards : LHP Mike Graves
|
Batting: LHB Richard Hunter
|
0-0: Ball 1-0: Foul Ball, location: 2F 1-1: Foul Ball, location: 2F 1-2: Ball 2-2: Ball 3-2: Foul Ball, location: 2F 3-2: Fly out, F7 (Flyball, 7D)
|
Batting: RHB António Ortega
|
0-0: Called Strike 0-1: Ball 1-1: Ball 2-1: Called Strike 2-2: Foul Ball, location: 2F 2-2: Foul Ball, location: 2F 2-2: SINGLE (Line Drive, 56D)
|
Batting: RHB Alfredo Rivera
|
0-0: Grounds into double play, 6-4-3 (Groundball, 6)
|
Bottom of the 3rd over - 0 run(s), 1 hit(s), 0 error(s), 0 left on base; Portland 0 - Seattle 1 |
TOP OF THE 4TH |
Portland Cards batting - Pitching for Seattle Pikes : RHP António Rijo
|
Batting: RHB Dani Vázquez
|
0-0: Ball 1-0: Ball 2-0: Swinging Strike 2-1: Ball 3-1: Ground out 4-3 (Groundball, 4)
|
Batting: LHB Jeff Daniels
|
0-0: Ground out 4-3 (Groundball, 13)
|
Batting: LHB Paul Mullins
|
0-0: Ball 1-0: Ball 2-0: SINGLE (Line Drive, 4MD)
|
Batting: RHB Paco Arellano
|
0-0: Ball 1-0: Ball 2-0: Ball 3-0: Base on Balls Paul Mullins to second
|
Batting: LHB Donovan Bird
|
0-0: Ball 1-0: Ball 2-0: Foul Ball, location: 2F 2-1: Called Strike 2-2: Ground out 4-3 (Groundball, 4)
|
Top of the 4th over - 0 run(s), 1 hit(s), 0 error(s), 2 left on base; Portland 0 - Seattle 1 |
BOTTOM OF THE 4TH |
Seattle Pikes batting - Pitching for Portland Cards : LHP Mike Graves
|
Batting: RHB Iván Gonzáles
|
0-0: Called Strike 0-1: Fly out, F8 (Flyball, 8RM)
|
Batting: RHB Wallace Greene
|
0-0: DOUBLE (Flyball, 8RXD)
|
Batting: SHB António Hernández
|
0-0: SINGLE (Groundball, 56D) Wallace Greene to third Runner from 3rd tries for Home, SAFE, no throw or cutoff
|
Batting: RHB Kazushige Aoki
|
0-0: Fly out, F8 (Flyball, 8RM)
|
Batting: RHB Randy Sheppard
|
0-0: Ball 1-0: Ground out 6-3 (Groundball, 6)
|
Bottom of the 4th over - 1 run(s), 2 hit(s), 0 error(s), 1 left on base; Portland 0 - Seattle 2 |
TOP OF THE 5TH |
Portland Cards batting - Pitching for Seattle Pikes : RHP António Rijo
|
Batting: RHB Germán Rosales
|
0-0: Ball 1-0: Swinging Strike 1-1: Ball 2-1: SINGLE (Line Drive, 56)
|
Batting: RHB Lonson Seals
|
0-0: Called Strike 0-1: Called Strike 0-2: Strikes out swinging
|
Batting: RHB Bartolo Quiñones
|
0-0: Ball 1-0: Fly out, F7 (Flyball, 7D)
|
Batting: LHB Keith Beard
|
0-0: Foul Ball, location: 2F 0-1: Foul Ball, location: 2F 0-2: Foul Ball, location: 2F 0-2: SINGLE (Groundball, 4MD) Germán Rosales to second Runner from 2nd tries for 3rd, SAFE, throw made to third
|
Batting: RHB Dani Vázquez
|
0-0: Called Strike 0-1: Ball 1-1: Ball 2-1: SINGLE (Groundball, 3) Germán Rosales scores Keith Beard to second Runner from 2nd tries for 3rd, SAFE, throw made to third
|
Batting: LHB Jeff Daniels
|
0-0: Ball 1-0: Called Strike 1-1: Fly out, F7 (Line Drive, 7S)
|
Top of the 5th over - 1 run(s), 3 hit(s), 0 error(s), 2 left on base; Portland 1 - Seattle 2 |
BOTTOM OF THE 5TH |
Seattle Pikes batting - Pitching for Portland Cards : LHP Mike Graves
|
Batting: RHB Manuel Rico
|
0-0: Called Strike 0-1: Foul Ball, location: 2F 0-2: Foul Ball, location: 2F 0-2: Ball 1-2: Ball 2-2: Ground out 5-3 (Groundball, 56S)
|
Batting: LHB Richard Hunter
|
0-0: Called Strike 0-1: Ball 1-1: Fly out, F7 (Line Drive, 7S)
|
Batting: RHB António Ortega
|
0-0: Ground out 5-3 (Groundball, 5S)
|
Bottom of the 5th over - 0 run(s), 0 hit(s), 0 error(s), 0 left on base; Portland 1 - Seattle 2 |
TOP OF THE 6TH |
Portland Cards batting - Pitching for Seattle Pikes : RHP António Rijo
|
Batting: LHB Paul Mullins
|
0-0: Called Strike 0-1: Ball 1-1: Foul Ball, location: 2F 1-2: Ball 2-2: Foul Ball, location: 2F 2-2: Ball 3-2: Foul Ball, location: 2F 3-2: Base on Balls
|
Batting: RHB Paco Arellano
|
0-0: DOUBLE (Line Drive, 89S) Paul Mullins to third
|
Batting: LHB Donovan Bird
|
0-0: SINGLE (Line Drive, 6MD) Paul Mullins scores Paco Arellano to third
|
Batting: RHB Germán Rosales
|
0-0: Called Strike 0-1: Ball 1-1: SINGLE (Line Drive, 6MD) Paco Arellano scores Donovan Bird to second
|
Batting: RHB Lonson Seals
|
0-0: Called Strike 0-1: Swinging Strike 0-2: Strikes out swinging
|
Batting: RHB Bartolo Quiñones
|
0-0: Called Strike 0-1: Foul Ball, location: 2F 0-2: Strikes out looking
|
Batting: LHB Keith Beard
|
0-0: Called Strike 0-1: SINGLE (Groundball, 34D) Donovan Bird to third Germán Rosales to second Runner from 3rd tries for Home, SAFE, no throw or cutoff
|
Batting: RHB Dani Vázquez
|
0-0: Fly out, F7 (Flyball, 78M)
|
Top of the 6th over - 3 run(s), 4 hit(s), 0 error(s), 2 left on base; Portland 4 - Seattle 2 |
BOTTOM OF THE 6TH |
Seattle Pikes batting - Pitching for Portland Cards : LHP Mike Graves
|
Batting: RHB Alfredo Rivera
|
0-0: Called Strike 0-1: Called Strike 0-2: Ball 1-2: Foul Ball, location: 2F 1-2: Strikes out swinging
|
Batting: RHB Iván Gonzáles
|
0-0: Called Strike 0-1: Foul Ball, location: 2F 0-2: Ball 1-2: Foul Ball, location: 2F 1-2: Ground out 4-3 (Groundball, 4)
|
Batting: RHB Wallace Greene
|
0-0: Foul Ball, location: 2F 0-1: Ball 1-1: Ball 2-1: Ball 3-1: Called Strike 3-2: TRIPLE (Flyball, 89XD)
|
Batting: SHB António Hernández
|
0-0: Called Strike 0-1: Foul Ball, location: 2F 0-2: Ball 1-2: Ball 2-2: DOUBLE (Flyball, 89XD) Wallace Greene scores
|
Batting: RHB Kazushige Aoki
|
0-0: Ball 1-0: Ball 2-0: Ground out 6-3 (Groundball, 6M)
|
Bottom of the 6th over - 1 run(s), 2 hit(s), 0 error(s), 1 left on base; Portland 4 - Seattle 3 |
BOTTOM OF THE 7TH |
Seattle Pikes batting - Pitching for Portland Cards : LHP Mike Graves
|
Pitching: RHP César Menéndez
|
|
Batting: RHB Randy Sheppard
|
0-0: Ball 1-0: Ball 2-0: Ground out 5-3 (Groundball, 5)
|
Batting: RHB Manuel Rico
|
0-0: Called Strike 0-1: Ball 1-1: Ball 2-1: Fly out, F3 (Popup, 3F)
|
Batting: LHB Richard Hunter
|
0-0: Ball 1-0: Ball 2-0: Ground out 1-3 (Groundball, 15)
|
Bottom of the 7th over - 0 run(s), 0 hit(s), 0 error(s), 0 left on base; Portland 4 - Seattle 3 |
TOP OF THE 8TH |
Portland Cards batting - Pitching for Seattle Pikes : RHP Ernesto Beltrán
|
Batting: RHB Lonson Seals
|
0-0: Ball 1-0: Called Strike 1-1: Swinging Strike 1-2: Ball 2-2: Strikes out swinging
|
Pitching: RHP Orlando Ojeda
|
|
Batting: RHB Bartolo Quiñones
|
0-0: Called Strike 0-1: SINGLE (Line Drive, 56D)
|
Batting: LHB Keith Beard
|
0-0: Ground out 3-1 (Groundball, 34S) Bartolo Quiñones to second
|
Pinch Hitting: LHB Tom Blake
|
0-0: Ball 1-0: Swinging Strike 1-1: Swinging Strike 1-2: Strikes out looking
|
Top of the 8th over - 0 run(s), 1 hit(s), 0 error(s), 1 left on base; Portland 4 - Seattle 3 |
TOP OF THE 9TH |
Portland Cards batting - Pitching for Seattle Pikes : RHP Orlando Ojeda
|
Now at 3B: Keith Tillman
|
|
Batting: LHB Jeff Daniels
|
0-0: Called Strike 0-1: Ball 1-1: Foul Ball, location: 2F 1-2: Ball 2-2: SOLO HOME RUN (Line Drive, 9D), Distance : 454 ft
|
Batting: LHB Paul Mullins
|
0-0: Foul Ball, location: 2F 0-1: Called Strike 0-2: Strikes out looking
|
Batting: RHB Paco Arellano
|
0-0: Called Strike 0-1: Ball 1-1: Ball 2-1: Called Strike 2-2: Strikes out looking
|
Batting: LHB Donovan Bird
|
0-0: Ball 1-0: Ball 2-0: Called Strike 2-1: Ground out U3 (Groundball, 3)
|
Top of the 9th over - 1 run(s), 1 hit(s), 0 error(s), 0 left on base; Portland 5 - Seattle 3 |
BOTTOM OF THE 9TH |
Seattle Pikes batting - Pitching for Portland Cards : RHP Armen Boyajian
|
Pitching: RHP Steve Griffin
|
|
Batting: SHB António Hernández
|
0-0: Called Strike 0-1: Swinging Strike 0-2: Ball 1-2: Strikes out swinging
|
Batting: RHB Kazushige Aoki
|
0-0: Called Strike 0-1: Ball 1-1: Swinging Strike 1-2: Strikes out swinging
|
Batting: RHB Randy Sheppard
|
0-0: Ball 1-0: Foul Ball, location: 2F 1-1: Ground out 6-3 (Groundball, 6)
|
Bottom of the 9th over - 0 run(s), 0 hit(s), 0 error(s), 0 left on base; Portland 5 - Seattle 3 |
|